 Dungeon Crawl Stone Soup version 0.27-a0-887-gcab673c142 (webtiles) character file.

Game seed: 11376401715970348021

504 jestyr24 the Firebug (level 7, -6/47 HPs)
             Began as a Human Fire Elementalist on Apr 3, 2021.
             Killed by an exploding Pikel (21 damage)
             ... ignited by their inner flame
             ... on level 4 of the Dungeon.
             The game lasted 00:26:05 (3808 turns).

jestyr24 the Firebug (Human Fire Elementalist)      Turns: 3808, Time: 00:26:06

Health: -6/47      AC:  8    Str: 12    XL:     7   Next: 41%
Magic:  1/13       EV: 13    Int: 17    God:
Gold:   233        SH:  0    Dex: 13    Spells: 10/14 levels left

rFire    x . .     SeeInvis .   u - +10 falchion of Huby {elec, rF- rN++ Str+3}
rCold    . . .     Faith    .   (no shield)
rNeg     + + .     Spirit   .   a - +0 robe
rPois    .         Reflect  .   o - +0 helmet
rElec    .         Harm     .   (no cloak)
rCorr    .         Rampage  .   b - +0 pair of gloves
Will     .....                  (no boots)
Stlth    ++........             (no amulet)
HPRegen  0.15/turn              n - +4 ring of protection
MPRegen  0.13/turn              (no ring)

@: no status effects
A: no striking features
a: no special abilities


You were on level 4 of the Dungeon.
You visited 1 branch of the dungeon, and saw 4 of its levels.

You collected 233 gold pieces.

Inventory:

Hand Weapons
 d - a +0 club
 g - a +1 short sword of freezing
 u - the +10 falchion of Huby (weapon) {elec, rF- rN++ Str+3}
   (You found it on level 4 of the Dungeon)

   Occasionally, upon striking a foe, it can discharge electrical energy and
   cause terrible harm.
   It affects your strength (+3).
   It makes you vulnerable to fire.
   It greatly protects you from negative energy.
Missiles
 f - 5 atropa-tipped darts
 q - 51 stones
 s - 4 boomerangs (quivered)
Armour
 a - a +0 robe (worn)
 b - a +0 pair of gloves (worn)
 o - a +0 helmet (worn)
Magical Staves
 c - a staff of cold
 m - a staff of air
Jewellery
 n - a +4 ring of protection (left hand)
 v - an amulet of faith
Wands
 k - a wand of flame (20)
Scrolls
 e - a scroll of teleportation {unknown}
 i - a scroll of enchant weapon {unknown}
 j - a scroll of fear {unknown}
 r - 3 scrolls of amnesia
 t - a scroll of holy word {unknown}
Potions
 h - a potion of flight {unknown}
 l - a potion of lignification {unknown}
 p - a potion of mutation {unknown}


   Skills:
 * Level 0.7 Fighting
 - Level 1.0 Staves
 + Level 3.2 Dodging
 + Level 2.8 Stealth
 + Level 4.1 Spellcasting
 - Level 1.7 Conjurations
 * Level 2.6 Hexes
 + Level 4.6 Fire Magic


You had 10 spell levels left.
You knew the following spells:

 Your Spells              Type           Power      Damage    Failure   Level
a - Foxfire               Conj/Fire      56%        2x1d6     4%          1
b - Inner Flame           Hex/Fire       15%        N/A       11%         3

Your spell library contained the following spells:

 Spells                   Type           Power      Damage    Failure   Level
 Conjure Flame            Conj/Fire      14%        6-21      13%         3
 Sticky Flame             Conj/Fire      14%        2d4       38%         4
 Fireball                 Conj/Fire      7%         3d5       75%         5


Dungeon Overview and Level Annotations

Branches:
Dungeon (4/15)
 Temple: D:4-7

Altars:
Dithmenos
Fedhas

Shops:
D:3 :


Message History

Pikel is lightly wounded.
The foxfire hits Pikel but does no damage.
Pikel is lightly wounded.
Pikel is engulfed in blazing flames.
Flame seeps out of Pikel.
Casting: Foxfire (safe; 4% risk of failure)
Confirm with . or Enter, or press ? or * to list all spells.
You conjure some foxfire!
The foxfire hits Pikel.
Flame seeps out of Pikel.
Pikel is moderately wounded.
The foxfire hits Pikel.
Flame seeps out of Pikel.
Pikel is moderately wounded.
Pikel is engulfed in blazing flames.
Flame seeps out of Pikel.
Casting: Foxfire (safe; 4% risk of failure)
Confirm with . or Enter, or press ? or * to list all spells.
You conjure some foxfire!
Pikel hits you with a +1 whip of freezing!
Pikel freezes you.
Your foxfire dissipates!
The foxfire hits Pikel but does no damage.
Pikel is heavily wounded.
Pikel hits you with a +1 whip of freezing!
Pikel freezes you.
Unknown command.
Casting: Foxfire (safe; 4% risk of failure)
Confirm with . or Enter, or press ? or * to list all spells.
You conjure some foxfire!
Pikel closely misses you.
The foxfire hits Pikel but does no damage.
Pikel is heavily wounded.
The foxfire hits Pikel.
Flame seeps out of Pikel.
Pikel is severely wounded.
Pikel is engulfed in blazing flames.
Flame seeps out of Pikel.
Pikel hits you with a +1 whip of freezing!
Pikel freezes you.
* * * LOW HITPOINT WARNING * * *
Casting: Foxfire (safe; 4% risk of failure)
Confirm with . or Enter, or press ? or * to list all spells.
You conjure some foxfire!
Pikel is engulfed in blazing flames.
Pikel explodes!
The fiery explosion engulfs you!! The fire burns you terribly!
You die...

#.#..##.).............
#.#.#.######..########
#.#.#.........#..
#.#.#.........#.#####
#........#.#..#.#...#### ####
#######..###..#.#..##..###..#
..............#.#..#.##.##.####
#.##.##...##.##.##§)##.##.##._#
#.##........>...@§.##.##.##.###
#.#####.####...vv○§##.†.#...#
#.# #.).......§§§.#########
#.#####.####...........##
#.....#[# #.######.....#
......#.# #.# #.....#
#######.####.# #.....#
...#.........# ####.##
##.#.##.###### #.######


There were no monsters in sight!

Vanquished Creatures
  Pikel (D:4)
  Sigmund (D:3)
  A bullfrog skeleton (D:4)
  An orc priest (D:4)
  2 hounds (D:4)
  Jessica (D:3)
  2 iguanas
  Natasha (D:4)
  An orc wizard (D:4)
  A hound skeleton (D:4)
  3 adders (D:2)
  A dart slug (D:3)
  2 orcs (D:4)
  6 endoplasms
  5 giant cockroaches
  7 goblins
  8 hobgoblins
  4 jackals
  7 kobolds
  2 quokkas
  5 ball pythons
  2 bats (D:1)
  2 frilled lizards (D:3)
  4 rats
70 creatures vanquished.

Vanquished Creatures (others)
  213 foxfires
213 creatures vanquished.

Grand Total: 283 creatures vanquished

Notes
Turn   | Place    | Note
-------+----------+-------------------------------------------
     0 | D:1      | jestyr24 the Human Fire Elementalist began the quest for
                  | the Orb.
     0 | D:1      | Reached XP level 1. HP: 13/13 MP: 3/3
   128 | D:1      | Reached XP level 2. HP: 19/19 MP: 3/5
   424 | D:1      | Found a faded altar of an unknown god.
   866 | D:1      | Reached XP level 3. HP: 19/24 MP: 2/6
  1219 | D:2      | Reached XP level 4. HP: 30/30 MP: 2/7
  1483 | D:2      | Found a shadowy altar of Dithmenos.
  1681 | D:3      | Noticed Jessica
  1699 | D:3      | Killed Jessica
  1861 | D:3      | Found Oruriudu's Book Emporium.
  1880 | D:3      | Reached skill level 1 in Staves
  2085 | D:3      | Noticed Sigmund
  2111 | D:3      | Learned a level 3 spell: Inner Flame
  2155 | D:4      | Reached XP level 5. HP: 24/35 MP: 5/9
  2356 | D:4      | Reached skill level 1 in Hexes
  2660 | D:3      | Killed Sigmund
  2661 | D:3      | Reached XP level 6. HP: 32/42 MP: 4/11
  2820 | D:3      | Reached XP level 7. HP: 37/47 MP: 5/12
  3580 | D:4      | Found a blossoming altar of Fedhas.
  3711 | D:4      | Identified the +10 falchion of Huby {elec, rF- rN++ Str+3}
  3726 | D:4      | Noticed Natasha
  3730 | D:4      | Killed Natasha
  3762 | D:4      | Noticed Pikel
  3808 | D:4      | Killed Pikel
  3808 | D:4      | Killed by an exploding Pikel... ignited by their inner
                  | flame

Illustrated notes

Levels and vault maps discovered:
D:1:      heliophobic_arrival_enchanted_forest, layout_loops_ring,
          ebering_ecumenical_altar_mist
D:2:      layout_rooms, basic_altar, minmay_misc_feat_iff, serial_bayou_pond_e,
          minmay_indecisive_spiral
D:3:      layout_basic, serial_shops, shop, uniq_sigmund, uniq_jessica
D:4:      layout_basic, marbit_many_paths, st_stairs_1, minmay_cut_off,
          uniq_natasha, uniq_crazy_yiuf_cottage, uniq_pikel

Skill      XL: |  1  2  3  4  5  6  7 |
---------------+----------------------+-----
Staves         | 1 |  1.0
Spellcasting   | 3 4 |  4.1
Hexes          | 2 |  2.6
Dodging        | 3 |  3.2
Fire Magic     | 4 |  4.6
Fighting       | |  0.7
Stealth        | |  2.8
Conjurations   | |  1.7

Action                   |  1- 3 |  4- 6 |  7- 9 || total
-------------------------+-------+-------+-------++-------
Melee: Unarmed           |     5 |       |       ||     5
       Staff             |    24 |    23 |    23 ||    70
       Falchion          |       |       |     3 ||     3
Throw: Boomerang         |       |       |     3 ||     3
 Cast: Foxfire           |    39 |    48 |    42 ||   129
       Inner Flame       |       |     1 |     5 ||     6
  Use: Scroll            |       |       |     2 ||     2
 Stab: Sleeping          |       |       |     1 ||     1
Armor: Robe              |    25 |    16 |    21 ||    62
Dodge: Dodged            |    56 |    36 |    33 ||   125

Table legend: (Time is in decaauts)
 A = Elapsed time spent in this place.
 B = Non-inter-level travel time spent in this place.
 C = Inter-level travel time spent in this place.
 D = Time resting spent in this place.
 E = Time spent auto-exploring this place.
 F = Levels seen in this place.
 G = Mean time per level.
                   A        B        C        D        E       F      G
               +--------+--------+--------+--------+--------+-----+--------+
         Total |   3821 |   3762 |     59 |   1012 |   1632 |   4 |  955.2 |
       Dungeon |   3821 |   3762 |     59 |   1012 |   1632 |   4 |  955.2 |
               +--------+--------+--------+--------+--------+-----+--------+

Top non-repeatable levels by time:
     D:3: 1239 daAuts
     D:1: 1001 daAuts
     D:4: 898 daAuts
     D:2: 683 daAuts
